 Dungeon Crawl Stone Soup version 0.29-a0-297-g7659ce593d (webtiles) character file.

Game seed: 12074281996338237671

181 kae the Firebug (level 5, -2/30 HPs)
             Began as a Tengu Fire Elementalist on Mar 21, 2022.
             Slain by a scorpion (6 damage)
             ... on level 4 of the Dungeon.
             The game lasted 00:02:37 (3825 turns).

kae the Firebug (Tengu Fire Elementalist)           Turns: 3825, Time: 00:02:37

Health: -2/30      AC:  7    Str:  8    XL:     5   Next: 61%
Magic:  1/10       EV: 14    Int: 18    God:
Gold:   181        SH:  0    Dex: 14    Spells: 3/9 levels left

rFire   . . .      SeeInvis .   (no weapon)
rCold   . . .      Faith    .   (no shield)
rNeg    . . .      Spirit   .   a - +1 robe
rPois   .          Reflect  .   (helmet restricted)
rElec   .          Harm     .   g - +2 cloak
rCorr   .          Rampage  .   c - +0 pair of gloves
Will    .....                   (boots unavailable)
Stlth   ++........              (no amulet)
HPRegen 0.10/turn               (no ring)
MPRegen 0.12/turn               (no ring)

@: lethally poisoned (-2 -> -8), flying quickly and evasively, quick
A: beak, talons 3, nimble flight
a: no special abilities


You were on level 4 of the Dungeon.
You visited 1 branch of the dungeon, and saw 4 of its levels.

You collected 181 gold pieces.

Inventory:

Missiles
 f - 2 throwing nets
Armour
 a - a +1 robe (worn)
 c - a +0 pair of gloves (worn)
 g - a +2 cloak (worn)
Jewellery
 d - an amulet of guardian spirit
Wands
 n - a wand of charming (2)
Scrolls
 h - a scroll of fear
 j - 2 scrolls of blinking
 k - a scroll of enchant weapon {unknown}
 l - a scroll of summoning {unknown}
 p - a scroll of vulnerability {unknown}
 q - a scroll of identify
Potions
 b - a potion of magic
 e - a potion of flight
 i - a potion of heal wounds
 m - a potion of mutation
 o - 2 potions of attraction
 r - a potion of invisibility {unknown}


   Skills:
 + Level 2.0 Fighting
 - Level 2.1 Dodging
 - Level 2.0 Stealth
 + Level 2.9 Spellcasting
 + Level 3.2 Conjurations
 * Level 5.0 Fire Magic


You had 3 spell levels left.
You knew the following spells:

 Your Spells              Type           Power      Damage    Failure   Level
a - Foxfire               Conj/Fire      68%        2x1d7     3%          1
b - Scorch                Fire           40%        2d7       3%          2
c - Conjure Flame         Conj/Fire      17%        6-21      10%         3

Your spell library contained the following spells:

 Spells                   Type           Power      Damage    Failure   Level
 Inner Flame              Hex/Fire       11%        N/A       19%         3
 Flame Wave               Conj/Fire      17%        2d6       30%         4


Dungeon Overview and Level Annotations

Branches:
Dungeon (4/15)
 Temple: D:4-7

Altars:
Cheibriados
Yredelemnul

Annotations:
D:3 Grinder


Innate Abilities, Weirdness & Mutations

You have a beak for a mouth.
You have claws for feet.
Your magical nature lets you fly swiftly and evasively.


Message History

The scorpion stings you but does no damage.
The scorpion completely misses you.
Casting: Scorch (safe; 3% risk of failure)
Confirm with . or Enter, or press ? or * to list all spells.
Flames lash the endoplasm.
The endoplasm is severely wounded.
The endoplasm's fire resistance burns away.
You feel sick. The scorpion misses you.
You feel sick.
The scorpion stings you but does no damage.
Casting: Scorch (safe; 3% risk of failure)
Confirm with . or Enter, or press ? or * to list all spells.
You don't have enough magic to cast this spell.
You feel sick. The scorpion stings you. The endoplasm freezes you.
You are frozen.
You feel sick. The scorpion attacks as you move away!
The scorpion barely misses you.
You feel sick.
You are no longer poisoned.
The endoplasm is no longer more vulnerable to fire.
Okay, then.
You completely miss the scorpion.
The scorpion is almost dead.
The scorpion is no longer more vulnerable to fire.
The scorpion stings you. x2
* * * LOW HITPOINT WARNING * * *
You are lethally poisoned!
The scorpion poisons you!
Casting: Scorch (safe; 3% risk of failure)
Confirm with . or Enter, or press ? or * to list all spells.
You conjure some foxfire!
* * * LOW HITPOINT WARNING * * *
You feel very sick. The scorpion barely misses you.
* * * LOW HITPOINT WARNING * * *
You feel sick.
The endoplasm jiggles.
The scorpion stings you.
You die...

....##. .....)..
......# #. ##....#
... .....# ....
#...# ....s
#...#####......
#..Js@v<.......
#####...#####......
..........g........
.............)..$##
..................#
###.#...#.###... .#
#.#...... .. # #
#...#.## #...#.#


You could see a scorpion (ally target) and an endoplasm.

Vanquished Creatures
  An orc priest (D:2)
  An orc wizard (D:3)
  4 gnolls
  2 adders (D:2)
  A worm (D:3)
  7 orcs
  4 bats
  2 endoplasms
  4 giant cockroaches
  6 goblins
  2 hobgoblins (D:2)
  5 jackals
  8 kobolds
  A quokka (D:2)
  3 ball pythons
  4 frilled lizards
  3 rats
58 creatures vanquished.

Vanquished Creatures (others)
  185 foxfires
185 creatures vanquished.

Grand Total: 243 creatures vanquished

Notes
Turn   | Place    | Note
-------+----------+-------------------------------------------
     0 | D:1      | kae the Tengu Fire Elementalist began the quest for the
                  | Orb.
     0 | D:1      | Reached XP level 1. HP: 10/10 MP: 4/4
   458 | D:1      | Found a faded altar of an unknown god.
   660 | D:1      | Reached XP level 2. HP: 16/16 MP: 4/6
  1670 | D:2      | Found a basalt altar of Yredelemnul.
  1776 | D:2      | Reached XP level 3. HP: 17/20 MP: 1/7
  1810 | D:2      | Reached skill level 1 in Fighting
  1953 | D:2      | Learned a level 2 spell: Scorch
  1957 | D:2      | Learned a level 3 spell: Conjure Flame
  2118 | D:2      | Reached skill level 4 in Fire Magic
  2483 | D:3      | Reached XP level 4. HP: 25/25 MP: 6/8
  2509 | D:3      | Found a snail-covered altar of Cheibriados.
  2640 | D:3      | Noticed Grinder
  2769 | D:3      | Paralysed by Grinder for 3 turns
  3023 | D:3      | Gained mutation: Your magical nature lets you fly swiftly
                  | and evasively. [Tengu growth]
  3023 | D:3      | Reached XP level 5. HP: 30/30 MP: 4/10
  3802 | D:4      | Reached skill level 5 in Fire Magic
  3825 | D:4      | Slain by a scorpion

Illustrated notes

Levels and vault maps discovered:
D:1:      dpeg_arrival_snail, layout_loops_corners,
          hellmonk_ecumenical_altar_blasted
D:2:      layout_rooms, basic_altar, chequers_decorated_corner,
          minmay_hedge_maze, roderic_serpentine_path, guppyfry_early_orc_mine
D:3:      layout_rooms, slow_altar_1, gammafunk_temple_overflow_claw,
          uniq_grinder
D:4:      layout_loops_cross, grunt_temple_overflow_bloody_war, uniq_natasha

Skill      XL: |  1  2  3  4  5 |
---------------+----------------+-----
Conjurations   | 2 3 |  3.2
Fighting       | 1 2 |  2.0
Fire Magic     | 4 5 |  5.0
Dodging        | |  2.1
Stealth        | |  2.0
Spellcasting   | |  2.9

Action                   |  1- 3 |  4- 6 || total
-------------------------+-------+-------++-------
Melee: Unarmed           |     9 |     2 ||    11
       Peck              |     2 |       ||     2
       Kick              |     2 |       ||     2
 Cast: Foxfire           |    62 |    51 ||   113
       Scorch            |       |    16 ||    16
  Use: Scroll            |     8 |     1 ||     9
Armor: Robe              |     7 |     9 ||    16
Dodge: Dodged            |    18 |    21 ||    39

Table legend: (Time is in decaauts)
 A = Elapsed time spent in this place.
 B = Non-inter-level travel time spent in this place.
 C = Inter-level travel time spent in this place.
 D = Time resting spent in this place.
 E = Time spent auto-exploring this place.
 F = Levels seen in this place.
 G = Mean time per level.
                   A        B        C        D        E       F      G
               +--------+--------+--------+--------+--------+-----+--------+
         Total |   3802 |   3614 |    188 |    345 |   2710 |   4 |  950.5 |
       Dungeon |   3802 |   3614 |    188 |    345 |   2710 |   4 |  950.5 |
               +--------+--------+--------+--------+--------+-----+--------+

Top non-repeatable levels by time:
     D:2: 1646 daAuts
     D:1: 1286 daAuts
     D:3: 837 daAuts
     D:4: 32 daAuts
